BR (22 & UNDER)
OCEANSIDE SWAMP FOXES @ INDIAN HILLS VOODOO
09/20/2029
 
TOP OF THE 1ST
Oceanside Swamp Foxes batting - Pitching for Indian Hills Voodoo : RHP Octávio Durán
Pitching: RHP Octávio Durán
Batting: SHB Teko de Bruin 0-0: Foul Ball, location: 2F
0-1: Ball
1-1: Swinging Strike
1-2: Ball
2-2: Strikes out looking
Batting: RHB Ricardo López 0-0: Foul Ball, location: 2F
0-1: Foul Ball, location: 2F
0-2: SINGLE (Groundball, 4S) (infield hit)
Batting: SHB León Galló 0-0: Ball
1-0: Called Strike
1-1: Ball
2-1: Ball
3-1: Base on Balls
Ricardo López to second
Batting: RHB Howard Reed 0-0: SINGLE (Line Drive, 6MD)
Ricardo López to third
León Galló to second
Runner from 3rd tries for Home, SAFE, no throw
Batting: LHB Bob Huerta 0-0: Called Strike
0-1: Foul Ball, location: 2F
0-2: Ball
1-2: Foul Ball, location: 2F
1-2: SINGLE (Flyball, 6D)
León Galló to third
Howard Reed to second
Batting: RHB Pat Greene 0-0: Swinging Strike
0-1: SINGLE (Groundball, 15S) (infield hit)
León Galló scores
Howard Reed to third
Bob Huerta to second
Batting: RHB Owen Parra 0-0: Called Strike
0-1: Ball
1-1: Ball
2-1: Called Strike
2-2: Ball
3-2: Grounds into double play, 6-4-3 (Groundball, 6)
Top of the 1st over - 2 runs, 4 hits, 0 errors, 2 left on base; Oceanside 2 - Indian Hills 0
BOTTOM OF THE 1ST
Indian Hills Voodoo batting - Pitching for Oceanside Swamp Foxes : LHP Martin Martin
Pitching: LHP Martin Martin
Batting: SHB Cisco Oliva 0-0: SINGLE (Line Drive, 9S)
Batting: RHB José Núñez 0-0: SINGLE (Flyball, 89S)
Cisco Oliva to second
Runner from 2nd tries for 3rd, SAFE, no throw
Batting: RHB César Heredia 0-0: Called Strike
0-1: Swinging Strike
0-2: Fly out, F4 (Flyball, 34D)
Batting: RHB Jon Bush 0-0: Ball
José Núñez is caught stealing 2nd base
1-0: Ball
2-0: Foul Ball, location: 2F
2-1: Fly out, F7 (Flyball, 7S)
Bottom of the 1st over - 0 runs, 2 hits, 0 errors, 1 left on base; Oceanside 2 - Indian Hills 0
TOP OF THE 2ND
Oceanside Swamp Foxes batting - Pitching for Indian Hills Voodoo : RHP Octávio Durán
Batting: SHB Júlio Viña 0-0: Ball
1-0: Ball
2-0: Swinging Strike
2-1: Ball
3-1: Called Strike
3-2: Base on Balls
Batting: RHB Roberto Santos 0-0: Fly out, F6 (Popup, 4MD)
Batting: SHB Teko de Bruin 0-0: Called Strike
0-1: Ball
1-1: Fielders Choice at 2nd, 4-6 (Groundball, 4D)
Batting: RHB Ricardo López 0-0: Ball
Teko de Bruin steals 2nd base
1-0: Ball
2-0: Called Strike
2-1: Foul Ball, location: 2F
2-2: Foul Ball, location: 2F
2-2: Strikes out swinging
Top of the 2nd over - 0 runs, 0 hits, 0 errors, 1 left on base; Oceanside 2 - Indian Hills 0
BOTTOM OF THE 2ND
Indian Hills Voodoo batting - Pitching for Oceanside Swamp Foxes : LHP Martin Martin
Batting: RHB William Knisley 0-0: Foul Ball, location: 2F
0-1: Called Strike
0-2: Ball
1-2: Foul Ball, location: 2F
1-2: Ball
2-2: Strikes out swinging
Batting: RHB Dave McGuire 0-0: Called Strike
0-1: Called Strike
0-2: Foul Ball, location: 2F
0-2: Ball
1-2: Foul Ball, location: 2F
1-2: Ball
2-2: Foul Ball, location: 2F
2-2: Fly out, F8 (Flyball, 78D)
Batting: LHB Juan Sánchez 0-0: Ball
1-0: Ball
2-0: TRIPLE (Flyball, 9D)
Batting: RHB Alejandro Dalumba 0-0: Ball
1-0: Called Strike
1-1: Ground out 6-3 (Groundball, 6)
Bottom of the 2nd over - 0 runs, 1 hit, 0 errors, 1 left on base; Oceanside 2 - Indian Hills 0
TOP OF THE 3RD
Oceanside Swamp Foxes batting - Pitching for Indian Hills Voodoo : RHP Octávio Durán
Batting: SHB León Galló 0-0: Ball
1-0: Called Strike
1-1: SINGLE (Groundball, 34D)
Batting: RHB Howard Reed 0-0: Ball
1-0: Foul Ball, location: 2F
1-1: Fly out, F9 (Flyball, 9)
Batting: LHB Bob Huerta 0-0: Ball
1-0: Swinging Strike
1-1: Swinging Strike
1-2: Ball
2-2: Foul Ball, location: 2F
2-2: Strikes out swinging
Batting: RHB Pat Greene 0-0: Ball
1-0: Called Strike
1-1: Ball
2-1: Called Strike
2-2: Foul Ball, location: 2F
2-2: Strikes out swinging
Top of the 3rd over - 0 runs, 1 hit, 0 errors, 1 left on base; Oceanside 2 - Indian Hills 0
BOTTOM OF THE 3RD
Indian Hills Voodoo batting - Pitching for Oceanside Swamp Foxes : LHP Martin Martin
Batting: LHB José Castillo 0-0: Called Strike
0-1: SINGLE (Line Drive, 89S)
Batting: SHB Cisco Oliva 0-0: Ball
1-0: Called Strike
1-1: Foul Ball, location: 2F
1-2: Ball
2-2: Ball
3-2: Foul Ball, location: 2F
3-2: Strikes out swinging
José Castillo is caught stealing 2nd base
Batter strikes out.
Batting: RHB José Núñez 0-0: Called Strike
0-1: Ball
1-1: Ground out 6-3 (Groundball, 6M)
Bottom of the 3rd over - 0 runs, 1 hit, 0 errors, 0 left on base; Oceanside 2 - Indian Hills 0
TOP OF THE 4TH
Oceanside Swamp Foxes batting - Pitching for Indian Hills Voodoo : RHP Octávio Durán
Now in LF: Jorge Garza
Batting: RHB Owen Parra 0-0: Ball
1-0: Ball
2-0: Called Strike
2-1: SINGLE (Flyball, 9S)
Pitching: RHP Luis Manuel Marshall
Batting: SHB Júlio Viña 0-0: Called Strike
Pickoff Throw by Catcher to First - Out!
0-1: Foul Ball, location: 2F
0-2: Ball
1-2: Ball
2-2: Ball
3-2: Strikes out looking
Batting: RHB Roberto Santos 0-0: Foul Ball, location: 2F
0-1: Foul Ball, location: 2F
0-2: Foul Ball, location: 2F
0-2: Foul Ball, location: 2F
0-2: Foul Ball, location: 2F
0-2: Strikes out looking
Top of the 4th over - 0 runs, 1 hit, 0 errors, 0 left on base; Oceanside 2 - Indian Hills 0
BOTTOM OF THE 4TH
Indian Hills Voodoo batting - Pitching for Oceanside Swamp Foxes : LHP Martin Martin
Batting: RHB César Heredia 0-0: Called Strike
0-1: Fly out, F7 (Flyball, 7)
Batting: RHB Jon Bush 0-0: Called Strike
0-1: Foul Ball, location: 2F
0-2: Fly out, F8 (Flyball, 8RM)
Batting: RHB William Knisley 0-0: Called Strike
0-1: Ball
1-1: Foul Ball, location: 2F
1-2: Ball
2-2: Ball
3-2: Strikes out swinging
Bottom of the 4th over - 0 runs, 0 hits, 0 errors, 0 left on base; Oceanside 2 - Indian Hills 0
TOP OF THE 5TH
Oceanside Swamp Foxes batting - Pitching for Indian Hills Voodoo : RHP Luis Manuel Marshall
Batting: SHB Teko de Bruin 0-0: Ball
1-0: Ball
2-0: Called Strike
2-1: Foul Ball, location: 2F
2-2: SOLO HOME RUN (Flyball, 9D), Distance : 398 ft
Batting: RHB Ricardo López 0-0: Ball
1-0: Ball
2-0: Foul Ball, location: 2F
2-1: Foul Ball, location: 2F
2-2: Strikes out swinging
Batting: SHB León Galló 0-0: Reached on error, E3 (Groundball, 34)
Batting: RHB Howard Reed 0-0: Ball
1-0: Called Strike
1-1: SINGLE (Line Drive, 34)
León Galló to second
Runner from 2nd tries for 3rd, SAFE, no throw
Batting: LHB Bob Huerta 0-0: Ball
1-0: Foul Ball, location: 2F
1-1: Ball
2-1: Grounds into double play, 4-6-3 (Groundball, 4)
Top of the 5th over - 1 run, 2 hits, 1 error, 1 left on base; Oceanside 3 - Indian Hills 0
BOTTOM OF THE 5TH
Indian Hills Voodoo batting - Pitching for Oceanside Swamp Foxes : LHP Martin Martin
Batting: RHB Dave McGuire 0-0: Called Strike
0-1: Foul Ball, location: 2F
0-2: Ball
1-2: Foul Ball, location: 2F
1-2: Strikes out swinging
Batting: LHB Juan Sánchez 0-0: Called Strike
0-1: Fly out, F7 (Flyball, 7D)
Batting: RHB Alejandro Dalumba 0-0: SINGLE (Line Drive, 8LS)
Batting: LHB Jorge Garza 0-0: Ball
1-0: Called Strike
1-1: Foul Ball, location: 2F
1-2: Ball
2-2: Ball
3-2: Foul Ball, location: 2F
3-2: SINGLE (Line Drive, 8LS)
Alejandro Dalumba to second
Alejandro Dalumba to third
Batting: SHB Cisco Oliva 0-0: Foul Ball, location: 2F
0-1: Ball
1-1: Ball
2-1: SINGLE (Groundball, 56D)
Alejandro Dalumba scores
Jorge Garza to second
Batting: RHB José Núñez 0-0: Foul Ball, location: 2F
0-1: Swinging Strike
0-2: Ball
1-2: Strikes out swinging
Bottom of the 5th over - 1 run, 3 hits, 0 errors, 2 left on base; Oceanside 3 - Indian Hills 1
TOP OF THE 6TH
Oceanside Swamp Foxes batting - Pitching for Indian Hills Voodoo : RHP Luis Manuel Marshall
Batting: RHB Pat Greene 0-0: Ball
1-0: Called Strike
1-1: Called Strike
1-2: Strikes out looking
Batting: RHB Owen Parra 0-0: Ball
1-0: Ball
2-0: Foul Ball, location: 2F
2-1: Ball
3-1: Called Strike
3-2: Strikes out looking
Batting: SHB Júlio Viña 0-0: Ground out U3 (Groundball, 34)
Top of the 6th over - 0 runs, 0 hits, 0 errors, 0 left on base; Oceanside 3 - Indian Hills 1
BOTTOM OF THE 6TH
Indian Hills Voodoo batting - Pitching for Oceanside Swamp Foxes : LHP Martin Martin
Batting: RHB César Heredia 0-0: Ball
1-0: Foul Ball, location: 2F
1-1: Ball
2-1: Foul Ball, location: 2F
2-2: Fly out, F9 (Flyball, 9)
Batting: RHB Jon Bush 0-0: Ground out 4-3 (Groundball, 4)
Batting: RHB William Knisley 0-0: Called Strike
0-1: SINGLE (Flyball, 89M)
Batting: RHB Dave McGuire 0-0: Called Strike
0-1: Ball
1-1: Called Strike
1-2: Foul Ball, location: 2F
Pickoff Throw to First - Error! E1
William Knisley to second
1-2: Ground out 5-3 (Groundball, 56S)
Bottom of the 6th over - 0 runs, 1 hit, 1 error, 1 left on base; Oceanside 3 - Indian Hills 1
TOP OF THE 7TH
Oceanside Swamp Foxes batting - Pitching for Indian Hills Voodoo : RHP Luis Manuel Marshall
Pitching: RHP Calvin Bickly
Batting: RHB Roberto Santos 0-0: Ball
1-0: Ball
2-0: Called Strike
2-1: Foul Ball, location: 2F
2-2: Foul Ball, location: 2F
2-2: Strikes out looking
Batting: SHB Teko de Bruin 0-0: DOUBLE (Line Drive, 8RD)
Batting: RHB Ricardo López 0-0: Ball
1-0: SINGLE (Line Drive, 7S)
Teko de Bruin to third
Runner from 3rd tries for Home, SAFE, no throw
Batting: SHB León Galló 0-0: Called Strike
0-1: Fielders Choice at 2nd, 3-6 (Groundball, 3)
Batting: RHB Howard Reed 0-0: Ball
1-0: Swinging Strike
1-1: Ball
2-1: Fielders Choice at 2nd, 6-4 (Groundball, 6)
Top of the 7th over - 1 run, 2 hits, 0 errors, 1 left on base; Oceanside 4 - Indian Hills 1
BOTTOM OF THE 7TH
Indian Hills Voodoo batting - Pitching for Oceanside Swamp Foxes : LHP Martin Martin
Batting: LHB Juan Sánchez 0-0: Ball
1-0: Foul Ball, location: 2F
1-1: Foul Ball, location: 2F
1-2: Ball
2-2: Ground out 6-3 (Groundball, 6M)
Batting: RHB Alejandro Dalumba 0-0: Called Strike
0-1: Ball
1-1: Called Strike
1-2: Fly out, F7 (Flyball, 7)
Batting: LHB Jorge Garza 0-0: Called Strike
0-1: Foul Ball, location: 2F
0-2: Foul Ball, location: 2F
0-2: Ball
1-2: Ball
2-2: Ball
3-2: Ground out 6-3 (Groundball, 6)
Bottom of the 7th over - 0 runs, 0 hits, 0 errors, 0 left on base; Oceanside 4 - Indian Hills 1
TOP OF THE 8TH
Oceanside Swamp Foxes batting - Pitching for Indian Hills Voodoo : RHP Calvin Bickly
Batting: LHB Bob Huerta 0-0: Called Strike
0-1: Ball
1-1: Ball
2-1: Ground out 1-3 (Groundball, P)
Batting: RHB Pat Greene 0-0: Ball
1-0: Ground out 4-3 (Groundball, 34)
Batting: RHB Owen Parra 0-0: Ball
1-0: Called Strike
1-1: Ball
2-1: Called Strike
2-2: Hit by Pitch
Batting: SHB Júlio Viña 0-0: Called Strike
0-1: Foul Ball, location: 2F
0-2: Strikes out swinging
Top of the 8th over - 0 runs, 0 hits, 0 errors, 1 left on base; Oceanside 4 - Indian Hills 1
BOTTOM OF THE 8TH
Indian Hills Voodoo batting - Pitching for Oceanside Swamp Foxes : LHP Martin Martin
Pitching: LHP Pedro Echevarría
Batting: SHB Cisco Oliva 0-0: Ground out 1-3 (Groundball, P)
Batting: RHB José Núñez 0-0: Called Strike
0-1: Ball
1-1: SINGLE (Flyball, 89S)
Batting: RHB César Heredia 0-0: Ball
1-0: Ball
Wild Pitch!
José Núñez to second
2-0: Ball
3-0: Base on Balls
Batting: RHB Jon Bush 0-0: Ball
1-0: Swinging Strike
1-1: Foul Ball, location: 2F
1-2: DOUBLE (Line Drive, 8LD)
José Núñez scores
César Heredia to third
Runner from 3rd tries for Home, SAFE, no throw
Pitching: RHP Daniel Gordon
Batting: RHB William Knisley 0-0: Called Strike
0-1: Ground out 1-3 (Groundball, P)
Jon Bush to third
Batting: RHB Dave McGuire 0-0: Ball
1-0: DOUBLE (Line Drive, 78D)
Jon Bush scores
Batting: LHB Juan Sánchez 0-0: Ball
1-0: Foul Ball, location: 2F
1-1: Ball
2-1: Swinging Strike
2-2: Strikes out swinging, 2-3 out at first.
Bottom of the 8th over - 3 runs, 3 hits, 0 errors, 1 left on base; Oceanside 4 - Indian Hills 4
TOP OF THE 9TH
Oceanside Swamp Foxes batting - Pitching for Indian Hills Voodoo : RHP Calvin Bickly
Batting: RHB Roberto Santos 0-0: Swinging Strike
0-1: Called Strike
0-2: Strikes out swinging
Pinch Hitting: RHB Rubén Ramírez 0-0: Ball
1-0: Fly out, F8 (Flyball, 78D)
Pinch Hitting: LHB James Navarro 0-0: Ground out 5-3 (Groundball, 5)
Top of the 9th over - 0 runs, 0 hits, 0 errors, 0 left on base; Oceanside 4 - Indian Hills 4
BOTTOM OF THE 9TH
Indian Hills Voodoo batting - Pitching for Oceanside Swamp Foxes : RHP Daniel Gordon
Pitching: RHP Ramiro Castaneda
Now at 2B: Rubén Ramírez
Now at 3B: Michael Reed
Batting: RHB Alejandro Dalumba 0-0: Ball
1-0: Fly out, F3 (Popup, 3S)
Batting: LHB Jorge Garza 0-0: Ball
1-0: Fly out, F7 (Flyball, 7LS)
Pinch Hitting: RHB Andrew Lewis 0-0: Foul Ball, location: 2F
0-1: Ground out 6-3 (Groundball, 6)
Bottom of the 9th over - 0 runs, 0 hits, 0 errors, 0 left on base; Oceanside 4 - Indian Hills 4
TOP OF THE 10TH
Oceanside Swamp Foxes batting - Pitching for Indian Hills Voodoo : RHP Calvin Bickly
Now at SS: Ricardo García
Batting: SHB León Galló 0-0: Called Strike
0-1: Ball
1-1: Called Strike
1-2: Ground out 4-3 (Groundball, 4MS)
Batting: RHB Howard Reed 0-0: Ball
1-0: Called Strike
1-1: Foul Ball, location: 2F
1-2: Foul Ball, location: 2F
1-2: Ball
2-2: Strikes out looking
Batting: LHB Bob Huerta 0-0: Ball
1-0: Foul Ball, location: 2F
1-1: Hit by Pitch
Batting: RHB Pat Greene 0-0: Ball
Bob Huerta steals 2nd base
1-0: Ball
2-0: Swinging Strike
2-1: Ball
3-1: Foul Ball, location: 2F
3-2: SINGLE (Line Drive, 9)
Bob Huerta to third
Bob Huerta scores
Pitching: RHP Cole Reynolds
Batting: RHB Owen Parra 0-0: Ball
1-0: Fly out, F9 (Flyball, 9)
Top of the 10th over - 1 run, 1 hit, 0 errors, 1 left on base; Oceanside 5 - Indian Hills 4
BOTTOM OF THE 10TH
Indian Hills Voodoo batting - Pitching for Oceanside Swamp Foxes : RHP Ramiro Castaneda
Now in RF: Ernesto Rivera
Pinch Hitting: RHB José Torres 0-0: Called Strike
0-1: Ball
1-1: SINGLE (Flyball, 8RS)
Pinch Runner at 1st Jorge Ortega:
Batting: RHB César Heredia 0-0: Called Strike
0-1: Ball
1-1: Swinging Strike
1-2: Strikes out swinging
Pinch Hitting: LHB José Parra 0-0: Foul Ball, location: 2F
0-1: Foul Ball, location: 2F
0-2: Strikes out swinging
Batting: RHB William Knisley 0-0: Ball
1-0: Ball
2-0: Ground out 2-3 (Groundball, 2L)
Bottom of the 10th over - 0 runs, 1 hit, 0 errors, 1 left on base; Oceanside 5 - Indian Hills 4
Saturday, December 16th, 2017 - OOTP Baseball 18.8 Build 76